 Dungeon Crawl Stone Soup version 0.23-a0-143-g1adec7b (webtiles) character file.

3077307 kuniqs the Talismancer (level 27, 296/296 HPs)
             Began as a Deep Dwarf Fighter on Sept 2, 2018.
             Was the Champion of Makhleb.
             Escaped with the Orb
             ... and 4 runes on Sept 6, 2018!
             The game lasted 02:03:31 (47445 turns).

kuniqs the Talismancer (Deep Dwarf Fighter)        Turns: 47445, Time: 02:03:32

Health: 296/296    AC: 57    Str: 39    XL:     27
Magic:  13/13      EV: 15    Int: 15    God:    Makhleb [******]
Gold:   6832       SH: 27    Dex: 21    Spells: 26/26 levels left

rFire    + . .     SeeInvis .   y - +9 broad axe (chop)
rCold    + + .     Gourm    .   A - +0 large shield {rN+}
rNeg     + + .     Faith    +   r - +12 gold dragon scales
rPois    +         Spirit   .   a - +2 helmet {Int+3}
rElec    +         Reflect  .   b - +2 cloak of the Thistle {rPois Str+2}
rCorr    .         Harm     .   z - +3 pair of gauntlets of War {Slay+5}
MR       +++++                  Z - +2 pair of boots
Stlth    ..........             c - amulet "Omousock" {Faith rElec Dex+7}
HPRegen  0.00/turn              (no ring)
MPRegen  0.13/turn              o - ring "Kivel" {*Contam MR+ Str+5}

@: non-regenerating
A: damage resistance, heal wounds, slimy green scales 1, thin metallic scales 1,
thin skeletal structure 1, cold resistance 1, deterioration 1, negative energy
resistance 1, sense surroundings 3, strong 1, no regeneration
0: Orb of Zot
}: 4/15 runes: decaying, serpentine, silver, abyssal
a: Heal Wounds, Minor Destruction, Lesser Servant of Makhleb, Major Destruction,
Greater Servant of Makhleb, Renounce Religion


You escaped.
You worshipped Makhleb.
Makhleb was exalted by your worship.
You were very full.

You visited 10 branches of the dungeon, and saw 50 of its levels.
You visited the Abyss 1 time.
You also visited: Sewer, Ice Cave and Desolation.

You collected 8211 gold pieces.
You spent 1379 gold pieces at shops.

Inventory:

Hand Weapons
 y - a +9 broad axe of chopping (weapon)
 V - the +14 obsidian axe {chop, +Fly SInv *Curse}
   (You found it on level 3 of the Elven Halls)

   It inflicts extra damage upon your enemies.
   It lets you see invisible.
   It lets you fly.
   It curses itself when equipped.
Missiles
 q - 7 throwing nets (quivered)
Armour
 a - a +2 helmet of intelligence (worn)
 b - the +2 cloak of the Thistle (worn) {rPois Str+2}
   (You found it on level 1 of the Depths)

   It affects your strength (+2).
   It protects you from poison.
 r - +12 gold dragon scales (worn)
 z - the +3 pair of gauntlets of War (worn) {Slay+5}
   (You found it in the Desolation of Salt)

   It affects your accuracy and damage with ranged weapons and melee attacks
   (+5).
 A - a +0 large shield of positive energy (worn)
 Z - a +2 pair of boots (worn)
Jewellery
 c - the amulet "Omousock" (around neck) {Faith rElec Dex+7}
   (You found it in the Desolation of Salt)

   [amulet of faith]

   It allows you to gain divine favour quickly.
   It affects your dexterity (+7).
   It insulates you from electricity.
 o - the ring "Kivel" (right hand) {*Contam MR+ Str+5}
   (You took it off a spriggan air mage on level 1 of the Depths)

   [ring of protection from magic]

   It affects your strength (+5).
   It affects your resistance to hostile enchantments.
   It causes magical contamination when unequipped.
 N - the ring of Ycwuziet {*Tele Slay+5}
   (You found it on level 1 of the Swamp)

   [ring of teleportation]

   It may teleport you next to monsters.
   It affects your accuracy and damage with ranged weapons and melee attacks
   (+5).
Wands
 j - a wand of scattershot (3)
 v - a wand of acid (24)
 E - a wand of iceblast (23)
 L - a wand of paralysis (44)
 O - a wand of digging (20)
 Q - a wand of polymorph (48)
 S - a wand of enslavement (12)
 T - a wand of disintegration (12)
 W - a wand of clouds (8)
Scrolls
 k - 21 scrolls of teleportation
 s - 6 scrolls of fog
 B - 8 scrolls of blinking
 D - 10 scrolls of immolation
 F - 17 scrolls of remove curse {@r2}
 H - 8 scrolls of fear
 K - 3 scrolls of summoning
 M - 4 scrolls of identify {@r1}
 U - a scroll of enchant armour
 X - 3 scrolls of vulnerability
 Y - 3 scrolls of silence
Potions
 d - 3 potions of might
 e - 10 potions of heal wounds
 h - 3 potions of lignification
 i - 9 potions of agility
 l - 8 potions of haste
 n - 4 potions of resistance
 p - a potion of berserk rage
 t - 5 potions of mutation
 u - 9 potions of cancellation
 w - 8 potions of flight
 J - 14 potions of curing {@q1}
 P - 3 potions of invisibility
Miscellaneous
 m - a sack of spiders
 C - 2 boxes of beasts
 I - a lamp of fire
 R - a lightning rod (4/4)
Comestibles
 f - 93 rations


   Skills:
 + Level 26.8 Fighting
 - Level 18.0 Axes
 - Level 22.0 Armour
 - Level 10.0 Dodging
 - Level 20.0 Shields
 - Level 8.0 Invocations
 O Level 27 Evocations


You had 26 spell levels left.
You didn't know any spells.
Your spell library was empty.

Dungeon Overview and Level Annotations

Branches:
Dungeon (15/15)            Temple (1/1) D:7            Lair (6/6) D:9
  Swamp (4/4) Lair:2        Snake (4/4) Lair:2        Slime (0/5) Lair:6
    Orc (2/2) D:10            Elf (3/3) Orc:2        Vaults (5/5) D:13
  Crypt (0/3) Vaults:2     Depths (5/5) D:15            Zot (5/5) Depths:5

Altars:
Ashenzari
Dithmenos
Elyvilon
Fedhas
Gozag
Hepliaklqana
Kikubaaqudgha
Makhleb
Nemelex Xobeh
Okawaru
Qazlal
Ru
Sif Muna
Trog
Uskayaw
Vehumet
Wu Jian
Xom
Yredelemnul
Zin
The Shining One

Shops:
D:6 =   Orc:2 [?*(   Elf:1 (   Elf:2 [   Elf:3 =   Snake:1 :=

Portals:
Hell: Depths:1 Depths:2 Depths:3 Depths:4 Depths:5
Abyss: Depths:2 Depths:4
Pandemonium: Depths:3
Ziggurat: Depths:5
Trove: Depths:2 (give 8 potions of agility)

Annotations:
D:5 2 transporters, TBriggs11TB's ghost, novice DsIE
Lair:2 exclusion: ice statue
Lair:6 exclusion: 3 oklob plants
Swamp:1 1 runed door, Ijutra's ghost, adept MiBe
Swamp:4 1 runed door, Torious's ghost, adept TrMo
Snake:4 1 runed door, Musoz's ghost, adept MfIE
Elf:2 3 runed doors
Vaults:1 2 runed doors, Qagip's ghost, veteran GrEE; Waros's ghost, veteran GrEE
Vaults:3 3 runed doors, Geloitur's ghost, veteran SpEE; Tetyhuy's ghost, veteran HuFi


Innate Abilities, Weirdness & Mutations

You are resistant to damage.
You can heal yourself by infusing magical energy.
You resist negative energy. (rN+)
You passively map a large area around you.
You do not regenerate.
You are partially covered in slimy green scales. (AC +2)
You are partially covered in thin metallic scales. (AC +2)
You have a somewhat thin skeletal structure. (Dex +2, Stealth)
Your flesh is cold resistant. (rC+)
Your body sometimes deteriorates upon taking damage.
Your muscles are strong. (Str +2)


Message History

Thar be a stone staircase leadin' up 'ere.
Ye climb upwards.
Level annotation: 2 transporters, TBriggs11TB's ghost, novice DsIE Thar be a stone staircase leadin' down 'ere.
Thar be a stone staircase leadin' up 'ere.
Ye climb upwards.
Thar be a stone staircase leadin' down 'ere.
Thar be a stone staircase leadin' up 'ere.
Ye climb upwards.
Thar be a stone staircase leadin' down 'ere.
Thar be a stone staircase leadin' up 'ere.
Ye climb upwards.
Thar be a stone staircase leadin' down 'ere.
Thar be a stone staircase leadin' up 'ere.
Ye climb upwards.
Thar be a stone staircase leadin' down 'ere.
Ye see 'ere 7 stones.
Thar be an op'n door 'ere.
Thar be a staircase leadin' outta tha dungeon 'ere.
Ye haf 'scaped!

..........................#..#.##
.......#.#######.....#....#..#.#.
.......#.....................#...
...........#####+#####....#.##...
...........#.........#..^....#...
...........#.........#.##....#...
...........#..⌠...⌠..#...#.......
......#....#.........###'#...##..
......#....'....@....'.(.........
...##.#....#.........#.....>.....
...........#..⌠...⌠..##...##.....
...##.#...##....(....##...##.....
...##.######.........##...##.....
...##.# #####'######...##...##
...##.# #.######...##...# ...##.#
#..........###### ...##.#
############


There were no monsters in sight!

Vanquished Creatures
  A seraph (Depths:5)
  3 ancient liches
  5 orbs of fire
  A juggernaut (Depths:5)
  A pandemonium lord (D:15)
  Frederick (Vaults:3)
  Margery (Vaults:5)
  Saint Roka (Vaults:5)
  4 Killer Klowns
  6 golden dragons
  A profane servitor (D:14)
  Jory (Vaults:3)
  2 Brimstone Fiends (D:11)
  An electric golem (Zot:5)
  19 tentacled monstrosities
  2 liches
  12 quicksilver dragons
  24 Orb Guardians
  4 deep elf blademasters
  A deep elf master archer (Elf:3)
  3 titans
  An Executioner (Depths:5)
  4 sphinxes
  7 death cobs
  2 tentacled starspawn (Abyss:4)
  6 tengu reavers
  16 storm dragons
  10 shadow dragons
  3 thorn hunters
  A revenant (Vaults:2)
  Kirke (D:12)
  8 frost giants
  A daeva (Depths:5)
  Louise (Swamp:3)
  6 nagarajas (Snake:4)
  8 draconian monks
  4 fire giants
  6 iron dragons
  10 deep elf sorcerers
  9 ghost moths
  6 draconian scorchers
  8 draconian knights
  2 imperial myrmidons (Desolation)
  5 deep elf elementalists (Elf:3)
  An angel (Depths:5)
  The ghost of ximxim the Archer, a journeyman CeAM of Qazlal (Lair:6)
  4 draconian annihilators
  6 draconian shifters
  A balrug (D:8)
  9 vault wardens
  2 spriggan defenders (Depths:5)
  3 war gargoyles
  16 stone giants
  A stone giant (shapeshifter) (Depths:4)
  7 draconian stormcallers
  A reaper (Depths:5)
  A caustic shrike skeleton (Depths:2)
  9 very ugly things
  9 ironheart preservers
  2 halazid warlocks (Desolation)
  10 yellow draconians
  7 deep elf demonologists
  2 entropy weavers
  13 green draconians
  5 black draconians
  A dire elephant (shapeshifter) (Depths:4)
  16 deep elf annihilators
  2 pale draconians (Depths:5)
  4 red draconians
  7 spark wasps
  23 purple draconians
  13 white draconians
  A merfolk javelineer (Abyss:4)
  2 blizzard demons
  4 crystal guardians
  11 ettins
  Josephine (D:12)
  7 great orbs of eyes
  10 deep elf death magi
  An eidolon (Vaults:2)
  2 merfolk impalers (Depths:2)
  8 deep elf high priests
  6 rakshasas
  A jiangshi (Vaults:2)
  Fannar (D:11)
  3 ragged hierophants (Desolation)
  10 fire dragons
  15 naga warriors
  An ice dragon (shapeshifter) (Depths:4)
  28 vault guards
  24 hydras
  5 servants of whispers (Desolation)
  12 yaktaur captains
  7 spriggan air magi
  15 centaur warriors
  15 ice dragons
  2 juggernaut simulacra (Depths:4)
  Erica (D:9)
  12 anacondas
  5 peacekeepers (Desolation)
  48 two-headed ogres
  14 alligators
  8 death yaks
  A queen ant (shapeshifter) (Depths:4)
  A death knight (Vaults:3)
  18 dancing weapons
  2 alligators (shapeshifter)
  A satyr (Abyss:4)
  14 ogre magi
  6 deep troll shamans
  8 naga sharpshooters
  6 tengu warriors
  A two-headed ogre (shapeshifter) (Depths:4)
  A death yak (shapeshifter) (Depths:4)
  A vampire mage (Depths:3)
  A thrashing horror (Abyss:4)
  5 small abominations
  A titan zombie (Depths:3)
  4 shock serpents
  12 deep troll earth magi
  2 orc high priests (Orc:2)
  5 spriggan berserkers
  Nergalle (D:10)
  14 hell knights
  A sun demon (D:8)
  20 deep elf knights
  2 salamander mystics (Snake:4)
  18 spriggans
  A wretched star (Abyss:4)
  3 iron trolls
  A sixfirhy (Zot:1)
  A cherub (Depths:5)
  2 skeletal warriors
  14 swamp dragons
  2 spark wasp zombies (Depths:3)
  An unseen horror (shapeshifter) (Vaults:1)
  7 glowing orange brains
  7 sea snakes
  3 shambling mangroves
  3 spriggan druids
  An orange crystal statue (Zot:5)
  5 large abominations
  5 unseen horrors
  10 wizards
  10 naga ritualists
  20 deep trolls
  2 phantasmal warriors
  22 deep elf archers
  3 flayed ghosts
  15 ironbrand convokers
  7 necromancers
  Pikel (D:9)
  12 orc knights
  2 wolf spiders
  5 salamanders
  16 mana vipers
  6 orc sorcerers
  78 deep elf magi
  A wolf spider (shapeshifter) (Depths:4)
  2 oklob plants (Lair:1)
  28 ugly things
  2 cyclopes
  5 elephants (Lair:3)
  24 moths of wrath
  7 rust devils
  13 guardian serpents
  A worldbinder (Abyss:4)
  6 centaur zombies
  35 black mambas
  2 molten gargoyles (Desolation)
  A water nymph (Orc:2)
  17 vault sentinels
  An eye of devastation (shapeshifter) (Vaults:1)
  3 ice statues
  An apocalypse crab (Abyss:4)
  A smoke demon (Zot:1)
  A gargoyle (D:12)
  An orange demon (Depths:5)
  32 spiny frogs
  2 komodo dragons (shapeshifter) (D:15)
  19 naga magi
  A rime drake (Lair:2)
  A rime drake (shapeshifter) (Vaults:1)
  13 komodo dragons
  A yaktaur (shapeshifter) (D:15)
  An efreet (D:15)
  7 freezing wraiths
  31 yaktaurs
  A spark wasp simulacrum (Depths:2)
  A hellwing (Zot:2)
  A tormentor (D:11)
  A redback zombie (D:14)
  3 ice devils (Depths:2)
  A jumping spider (shapeshifter) (Depths:1)
  2 ancient zymes (Abyss:4)
  17 polar bears
  5 tengu conjurers
  A red devil (D:8)
  4 jumping spiders
  14 trolls
  27 hornets
  9 tyrant leeches
  A meliai (shapeshifter) (D:14)
  A wind drake (shapeshifter) (Depths:3)
  A hornet (shapeshifter) (D:14)
  23 saltlings (Desolation)
  9 hippogriffs
  27 blink frogs
  7 bog bodies
  57 slime creatures
  7 dream sheep (Lair:5)
  An air elemental (Elf:3)
  4 redbacks
  3 shadows
  Sigmund (D:2)
  A ynoxinul (Abyss:4)
  10 water elementals
  5 wyverns
  51 yaks
  A fire elemental (Elf:3)
  An elf zombie (Depths:2)
  7 wraiths
  5 golden eyes (Abyss:4)
  4 hogs (D:12)
  5 basilisks
  2 hungry ghosts
  2 chaos spawn
  3 steam dragons (Depths:5)
  A neqoxec (Zot:5)
  22 vampire mosquitoes
  52 nagas
  3 acid dragons
  19 swamp worms
  6 insubstantial wisps (Swamp:2)
  9 water moccasins
  A floating eye (Depths:3)
  A water moccasin (shapeshifter) (Vaults:5)
  2 floating eyes (shapeshifter)
  28 orc warriors
  A black bear (shapeshifter) (Vaults:5)
  6 porcupines
  A hornet zombie (D:14)
  3 sky beasts
  10 ice beasts
  An eye of draining (D:9)
  17 swamp drakes
  An ettin simulacrum (Vaults:3)
  An eye of draining (shapeshifter) (Depths:1)
  5 phantoms
  7 black bears
  32 ogres
  26 wolves
  15 boggarts
  21 centaurs
  15 crocodiles
  A big kobold (D:10)
  34 bullfrogs
  A wyvern zombie (D:14)
  2 glowing shapeshifter simulacra (Vaults:1)
  A gnoll sergeant (D:6)
  3 earth elementals
  A scorpion (D:14)
  A water moccasin skeleton (D:8)
  13 killer bees
  2 electric eels
  A bullfrog zombie (D:7)
  10 crimson imps
  9 starcursed masses (Abyss:4)
  A gnoll shaman (D:3)
  A quasit (D:11)
  15 orc priests
  12 hounds
  9 jellies
  Crazy Yiuf (D:4)
  2 centaur skeletons
  4 iguanas
  17 orc wizards
  11 worker ants
  2 hound skeletons (D:5)
  21 gnolls
  14 adders
  A howler monkey skeleton (D:2)
  8 shadow imps
  15 white imps
  7 oozes
  2 adder zombies
  2 adder skeletons
  2 worms
  4 leopard geckos
  69 orcs
  15 bats
  2 giant cockroaches
  8 goblins
  7 hobgoblins
  12 jackals
  3 quokkas
  3 ball pythons
  3 frilled lizards
  A jackal skeleton (D:6)
  7 kobolds
  A quokka skeleton (D:4)
  12 rats
  A butterfly (D:4)
  4 crawling corpses (Elf:3)
  4 starspawn tentacles (Abyss:4)
2360 creatures vanquished.

Vanquished Creatures (collateral kills)
  A pandemonium lord (Zot:1)
  Sojobo (Vaults:3)
  2 curse toes
  An electric golem (Zot:5)
  2 tentacled monstrosities
  2 Orb Guardians (Zot:5)
  A quicksilver dragon (Zot:1)
  A titan (Depths:3)
  A sphinx (Vaults:5)
  A death cob (Zot:1)
  2 storm dragons
  Gastronok (D:9)
  A tengu reaver (Depths:3)
  4 draconian monks (Zot:2)
  A shadow dragon (Zot:3)
  4 frost giants
  A fire giant (Depths:1)
  A draconian shifter (Zot:3)
  An iron dragon (shapeshifter) (Depths:4)
  2 draconian annihilators (Depths:5)
  A stone giant (Depths:2)
  4 very ugly things
  3 green draconians
  4 black draconians
  3 purple draconians
  A white draconian (Zot:4)
  A spark wasp (Depths:4)
  Snorg (D:11)
  A red draconian (Zot:2)
  3 yellow draconians
  An ettin (Depths:4)
  The ghost of Eveum the Unseen, a journeyman FeAr of Ru (Snake:3)
  An eidolon (Abyss:4)
  2 fire dragons
  2 yaktaur captains (Depths:3)
  A great orb of eyes (Depths:3)
  A vault guard (Vaults:5)
  A rakshasa (Depths:3)
  A naga warrior (Snake:2)
  2 catoblepae (Lair:6)
  A spriggan air mage (Depths:1)
  An alligator snapping turtle (shapeshifter) (Depths:4)
  An alligator (shapeshifter) (Depths:4)
  A two-headed ogre (Depths:1)
  A death knight (D:12)
  A centaur warrior (Depths:3)
  A deep troll earth mage (Depths:2)
  A dancing weapon (Snake:3)
  A hell knight (Depths:3)
  A salamander mystic (Depths:5)
  2 deep trolls (Depths:2)
  A wizard (Depths:2)
  A phantasmal warrior (Vaults:5)
  A deep elf mage (Depths:4)
  An orb spider (Zot:4)
  An ugly thing (Depths:2)
  2 salamanders (Depths:5)
  3 moths of wrath
  An ice statue (Depths:2)
  3 black mambas
  A frost giant zombie (Depths:2)
  A rust devil (Zot:1)
  4 yaktaurs
  A jumping spider (Zot:4)
  A tyrant leech (Lair:6)
  A dream sheep (Lair:6)
  2 hornets (Depths:5)
  2 blink frogs (Lair:6)
  A wraith (D:12)
  A tarantella (Zot:4)
  4 yaks (Lair:6)
  A wyvern (Lair:6)
  A hog (D:12)
  A golden eye (Abyss:4)
  A large abomination (Abyss:4)
  A floating eye (Depths:3)
  A water moccasin (Lair:6)
  6 starcursed masses (Abyss:4)
  3 centaurs (D:12)
  A boggart (Depths:1)
  An ogre (D:12)
  A wyvern zombie (D:12)
  An electric eel (Lair:6)
  2 howler monkeys (D:12)
  A starspawn tentacle (Abyss:4)
133 creatures vanquished.

Vanquished Creatures (others)
  A fire giant (Vaults:5)
  A draconian scorcher (Zot:3)
  An ironheart preserver (Vaults:2)
  A stone giant (Vaults:2)
  An alligator (Swamp:4)
  A swamp dragon (Swamp:4)
  A spriggan druid (Swamp:2)
  A naga ritualist (Snake:4)
  2 ironbrand convokers
  A deep elf mage (Elf:1)
  A cyclops (Vaults:2)
  A bog body (Swamp:4)
  A human (D:15)
  A vampire mosquito (D:15)
  2 nagas (Snake:4)
  An orc warrior (Orc:2)
  A swamp drake (Swamp:4)
  2 boggarts (Depths:1)
  A jelly (D:9)
  An orc priest (Orc:2)
  An orc wizard (D:6)
  2 orcs
  6 fungi
  A lurking horror (Abyss:4)
  46 plants
  3 starspawn tentacles (Abyss:4)
  3 withered plants (Vaults:3)
85 creatures vanquished.

Grand Total: 2578 creatures vanquished

Notes
Turn   | Place    | Note
-------+----------+-------------------------------------------
     0 | D:1      | kuniqs the Deep Dwarf Fighter began the quest for the Orb.
     0 | D:1      | Reached XP level 1. HP: 20/20 MP: 1/1
   103 | D:1      | Reached XP level 2. HP: 20/27 MP: 2/2
   298 | D:1      | Reached skill level 1 in Dodging
   739 | D:2      | Reached XP level 3. HP: 33/34 MP: 3/3
  1018 | D:2      | Found a bloodstained altar of Trog.
  1019 | D:2      | Found a basalt altar of Yredelemnul.
  1022 | D:2      | Found a shadowy altar of Dithmenos.
  1080 | D:2      | Found a sparkling altar of Nemelex Xobeh.
  1080 | D:2      | Noticed Sigmund
  1167 | D:3      | Reached XP level 4. HP: 37/42 MP: 4/4
  1344 | D:3      | Reached XP level 5. HP: 42/49 MP: 5/5
  1940 | D:4      | Noticed an ogre
  2003 | D:4      | Killed an ogre
  2003 | D:4      | Reached XP level 6. HP: 51/56 MP: 5/5
  2092 | D:4      | Found a shimmering altar of Xom.
  2442 | D:4      | Found a runed door.
  2494 | D:5      | Entered Level 5 of the Dungeon
  2497 | D:5      | Noticed an ice beast
  2512 | D:5      | Killed an ice beast
  2512 | D:5      | Reached skill level 1 in Evocations
  2512 | D:5      | Reached XP level 7. HP: 47/64 MP: 6/6
  2550 | D:5      | Noticed TBriggs11TB's ghost (novice DsIE)
  2563 | D:5      | Reached skill level 5 in Shields
  2575 | D:5      | Found a transporter.
  2591 | D:5      | Reached skill level 5 in Armour
  2655 | D:5      | Reached skill level 2 in Evocations
  2661 | D:5      | Found a glowing drain.
  2705 | Sewer    | Entered a sewer
  2968 | D:5      | Reached XP level 8. HP: 50/73 MP: 9/9
  3055 | D:5      | Reached skill level 3 in Evocations
  3138 | D:5      | Found a transporter.
  3415 | D:5      | Reached skill level 5 in Axes
  3789 | D:6      | Found a deep blue altar of Sif Muna.
  3802 | D:6      | Reached skill level 4 in Evocations
  3811 | D:6      | Reached skill level 5 in Fighting
  3857 | D:6      | Found Cuip's Jewellery Shoppe.
  3882 | D:6      | Reached skill level 5 in Dodging
  3886 | D:6      | Bought a +2 ring of slaying for 273 gold pieces
  4162 | D:6      | Gained mutation: You passively map the area around you.
                  | [Deep Dwarf growth]
  4162 | D:6      | Reached XP level 9. HP: 71/81 MP: 11/11
  4218 | D:6      | Reached skill level 5 in Evocations
  4391 | D:7      | Found an iron altar of Okawaru.
  4481 | D:7      | Found a staircase to the Ecumenical Temple.
  4490 | Temple   | Entered the Ecumenical Temple
  4636 | Temple   | Became a worshipper of Makhleb the Destroyer
  4843 | D:6      | Reached skill level 1 in Invocations
  4934 | D:6      | Found a hide-covered altar of Uskayaw.
  4934 | D:6      | Found an ornate altar of the Wu Jian Council.
  5275 | D:2      | Killed Sigmund
  5275 | D:2      | Reached skill level 6 in Evocations
  5379 | D:4      | Noticed Crazy Yiuf
  5385 | D:4      | Killed Crazy Yiuf
  5788 | D:8      | Found a blossoming altar of Fedhas.
  5921 | D:8      | Reached * piety under Makhleb
  5930 | D:8      | Reached XP level 10. HP: 77/91 MP: 11/11
  6071 | D:8      | Noticed a two-headed ogre
  6082 | D:8      | Killed a two-headed ogre
  6611 | D:9      | Reached skill level 7 in Evocations
  6639 | D:9      | Noticed a death yak
  6639 | D:9      | Noticed a death yak
  6644 | D:9      | Noticed a death yak
  6694 | D:8      | Killed a death yak
  6694 | D:8      | Reached ** piety under Makhleb
  6985 | D:9      | Noticed a death yak
  7005 | D:9      | Noticed a death yak
  7006 | D:9      | Noticed a death yak
  7007 | D:9      | Noticed a death yak
  7036 | D:9      | Found a staircase to the Lair.
  7045 | Lair:1   | Entered Level 1 of the Lair of Beasts
  7045 | Lair:1   | Noticed a spiny frog
  7063 | Lair:1   | Killed a spiny frog
  7063 | Lair:1   | Reached skill level 5 in Invocations
  7076 | Lair:1   | Reached XP level 11. HP: 94/99 MP: 7/7
  7128 | Lair:1   | Noticed an eight-headed hydra
  7143 | Lair:1   | Killed a one-headed hydra
  7143 | Lair:1   | Reached skill level 8 in Evocations
  7723 | Lair:1   | Noticed an oklob plant
  7723 | Lair:1   | Noticed an oklob plant
  7727 | Lair:1   | Killed an oklob plant
  7727 | Lair:1   | Killed an oklob plant
  8116 | Lair:2   | Reached skill level 9 in Evocations
  8332 | Lair:2   | Found a staircase to the Snake Pit.
  8470 | Lair:2   | Found a staircase to the Swamp.
  8530 | Lair:2   | Reached *** piety under Makhleb
  8530 | Lair:2   | Reached XP level 12. HP: 98/110 MP: 4/4
  9974 | Lair:4   | Reached skill level 10 in Evocations
 10201 | Lair:5   | Reached skill level 10 in Armour
 10201 | Lair:5   | Reached skill level 10 in Shields
 10217 | Lair:5   | Reached **** piety under Makhleb
 10382 | Lair:5   | Noticed a five-headed hydra
 10388 | Lair:5   | Killed a five-headed hydra
 10388 | Lair:5   | Reached XP level 13. HP: 90/118 MP: 6/6
 10534 | Lair:5   | Reached skill level 10 in Axes
 11031 | Lair:6   | Entered Level 6 of the Lair of Beasts
 11135 | Lair:6   | Reached ***** piety under Makhleb
 11135 | Lair:6   | Reached skill level 10 in Dodging
 11135 | Lair:6   | Reached skill level 11 in Evocations
 11511 | Lair:6   | Found a transporter.
 11515 | Lair:6   | Found a transporter.
 11516 | Lair:6   | Noticed ximxim's ghost (journeyman CeAM)
 11581 | Lair:6   | Found a staircase to the Slime Pits.
 11670 | Lair:6   | Killed ximxim's ghost
 12014 | Lair:6   | Reached skill level 12 in Evocations
 12593 | D:6      | Bought a +4 ring of protection for 468 gold pieces
 12680 | D:9      | Noticed Gastronok
 12707 | D:9      | Killed Gastronok
 12707 | D:9      | Gained mutation: You resist negative energy. (rN+) [Deep
                  | Dwarf growth]
 12707 | D:9      | Reached XP level 14. HP: 113/130 MP: 8/8
 12843 | D:9      | Noticed Erica
 12861 | D:9      | Killed Erica
 12961 | D:9      | Noticed Pikel
 12982 | D:9      | Killed Pikel
 13269 | D:10     | Entered Level 10 of the Dungeon
 13368 | D:10     | Gained mutation: Scrolls take you a little longer to read.
                  | [potion of mutation]
 13368 | D:10     | Gained mutation: You evolve. [potion of mutation]
 13368 | D:10     | Gained mutation: You have an increased reservoir of magic.
                  | (+10% MP) [potion of mutation]
 13369 | D:10     | Lost mutation: Scrolls take you a little longer to read.
                  | [potion of mutation]
 13369 | D:10     | Lost mutation: You evolve. [potion of mutation]
 13369 | D:10     | Gained mutation: You occasionally shout uncontrollably at
                  | your foes. [potion of mutation]
 13369 | D:10     | Gained mutation: Your spells are a little harder to cast,
                  | but a little more powerful. [potion of mutation]
 13369 | D:10     | Gained mutation: Your mind is acute. (Int +2) [potion of
                  | mutation]
 13369 | D:10     | Gained mutation: You have a somewhat thin skeletal
                  | structure. (Dex +2, Stealth) [potion of mutation]
 13453 | D:10     | Reached skill level 10 in Fighting
 13708 | D:10     | Noticed Nergalle
 13742 | D:10     | Killed Nergalle
 13834 | D:10     | Found a staircase to the Orcish Mines.
 13966 | D:10     | Got a pitted trident
 13967 | D:10     | Identified the +9 trident of Zikokhlel {venom, *Corrode
                  | Str+4 SInv} (You found it on level 10 of the Dungeon)
 14300 | D:11     | Noticed Snorg
 14308 | D:11     | Killed Snorg
 14347 | D:11     | Noticed Fannar
 14388 | D:11     | Killed Fannar
 14900 | D:12     | Noticed Kirke
 15062 | D:12     | Noticed Josephine
 15087 | D:12     | Killed Josephine
 15108 | D:12     | Reached skill level 13 in Evocations
 15225 | D:12     | Noticed a sphinx
 15241 | D:12     | Killed Kirke
 15265 | D:12     | Got a warped falchion
 15266 | D:12     | Identified the +7 falchion of Generosity {flame, Str+2}
                  | (You found it on level 12 of the Dungeon)
 15412 | D:12     | Noticed Maurice
 15413 | D:12     | Noticed Maurice
 15413 | D:12     | Maurice changed into Maurice the acid dragon
 15418 | D:12     | Killed Maurice the acid dragon
 16034 | D:13     | Reached ****** piety under Makhleb
 16400 | D:13     | Found a gate to the Vaults.
 16540 | D:13     | Got a steaming wooden ring
 16541 | D:13     | Identified the ring "Loubris" {Ice rPois rN+ Int+2} (You
                  | found it on level 13 of the Dungeon)
 16546 | D:13     | Got pitted steam dragon scales
 16557 | D:13     | Identified the +5 steam dragon scales "Ryopsai" {*Contam
                  | +Blink +Fly Stlth+} (You found it on level 13 of the
                  | Dungeon)
 16863 | D:14     | Reached XP level 15. HP: 122/140 MP: 12/12
 17393 | D:15     | Entered Level 15 of the Dungeon
 17496 | D:15     | Found a frozen archway.
 17533 | IceCv    | Entered an ice cave
 17607 | IceCv    | Reached skill level 14 in Evocations
 18039 | IceCv    | Noticed a frost giant
 18064 | IceCv    | Killed a frost giant
 18318 | D:15     | Found a deep blue altar of Sif Muna.
 18719 | D:15     | Found a staircase to the Depths.
 18886 | Orc:1    | Entered Level 1 of the Orcish Mines
 19343 | Orc:2    | Entered Level 2 of the Orcish Mines
 19477 | Orc:2    | Found a staircase to the Elven Halls.
 19957 | Orc:2    | Found Qenn's Antique Weapon Shop.
 19957 | Orc:2    | Found Keuvommi's Antique Armour Emporium.
 19959 | Orc:2    | Found Joazicot's General Store.
 19959 | Orc:2    | Found Fuewiev's Magic Scroll Emporium.
 19969 | Orc:2    | Bought a scroll of enchant armour for 82 gold pieces
 19969 | Orc:2    | Bought a scroll of identify for 22 gold pieces
 19976 | Orc:2    | Bought a steaming chain mail for 228 gold pieces
 19976 | Orc:2    | Bought a faintly humming chain mail for 228 gold pieces
 19976 | Orc:2    | Identified the cursed +1 chain mail "Xack" {*Drain rElec
                  | rC++ MR+} (You bought it in a shop on level 2 of the Orcish
                  | Mines)
 19977 | Orc:2    | Identified the +2 chain mail "Ashifij" {rElec rCorr Str-4
                  | Int+3} (You bought it in a shop on level 2 of the Orcish
                  | Mines)
 20024 | Orc:2    | Gained mutation: You are weak. (Str -2) [mutagenic glow]
 20529 | Snake:1  | Entered Level 1 of the Snake Pit
 20643 | Snake:1  | Reached XP level 16. HP: 132/152 MP: 14/14
 20736 | Snake:1  | Reached skill level 15 in Evocations
 20779 | Snake:1  | Found Ewnaycli's Jewellery Shoppe.
 20806 | Snake:1  | Bought a cursed ring of teleportation for 54 gold pieces
 20806 | Snake:1  | Bought a cursed -2 ring of evasion for 24 gold pieces
 20810 | Snake:1  | Found Ygesch's Book Shoppe.
 20909 | Snake:1  | You fall through a shaft!
 21259 | Snake:1  | Found a glowing golden altar of the Shining One.
 22772 | Snake:3  | Found a runed door.
 22772 | Snake:3  | Found a shimmering altar of Xom.
 22772 | Snake:3  | Noticed Eveum's ghost (journeyman FeAr)
 22860 | Snake:3  | Killed Eveum's ghost
 22884 | Snake:3  | Identified the cursed +2 triple sword of Xom's Condemnation
                  | {chaos, +Rage} (You subdued it on level 3 of the Snake Pit)
 23215 | Snake:4  | Entered Level 4 of the Snake Pit
 23258 | Snake:4  | Reached skill level 16 in Evocations
 23292 | Snake:4  | Reached XP level 17. HP: 162/162 MP: 2/15
 23442 | Snake:4  | Found a runed door.
 23442 | Snake:4  | Noticed Musoz's ghost (adept MfIE)
 23901 | Snake:4  | Reached skill level 15 in Shields
 23939 | Snake:4  | Reached skill level 15 in Armour
 24132 | Snake:4  | Got a serpentine rune of Zot
 24322 | Swamp:1  | Entered Level 1 of the Swamp
 24322 | Swamp:1  | Found a transporter.
 24391 | Swamp:1  | Reached skill level 15 in Axes
 24448 | Swamp:1  | Found a transporter.
 24455 | Swamp:1  | Got a sparkling lead ring
 24456 | Swamp:1  | Identified the ring of Xexab {rElec MP-9 Str+4 Int+8
                  | Stlth+} (You found it on level 1 of the Swamp)
 24459 | Swamp:1  | Got a wavering platinum ring
 24460 | Swamp:1  | Identified the ring of Ycwuziet {*Tele Slay+5} (You found
                  | it on level 1 of the Swamp)
 24472 | Swamp:1  | Got a heavily runed platinum ring
 24473 | Swamp:1  | Identified the ring "Sopheug" {+Blink rC- Int+4 Dex+3} (You
                  | found it on level 1 of the Swamp)
 24740 | Swamp:1  | Found a runed door.
 24742 | Swamp:1  | Noticed Ijutra's ghost (adept MiBe)
 25103 | Swamp:2  | Reached skill level 17 in Evocations
 26023 | Swamp:3  | Gained mutation: You passively map a large area around you.
                  | [Deep Dwarf growth]
 26023 | Swamp:3  | Reached XP level 18. HP: 171/171 MP: 17/17
 26266 | Swamp:3  | Noticed Louise
 26289 | Swamp:3  | Killed Louise
 26539 | Swamp:4  | Entered Level 4 of the Swamp
 27141 | Swamp:4  | Found a runed door.
 27147 | Swamp:4  | Noticed Torious's ghost (adept TrMo)
 27401 | Swamp:4  | Got a decaying rune of Zot
 27893 | Vaults:1 | Entered Level 1 of the Vaults
 27901 | Vaults:1 | Identified the cursed +1 morningstar of Odann {crush, rC+
                  | MR+} (You found it on level 1 of the Vaults)
 28069 | Vaults:1 | Reached skill level 18 in Evocations
 28130 | Vaults:1 | Found a large runed door.
 28130 | Vaults:1 | Found a large runed door.
 28130 | Vaults:1 | Noticed Qagip's ghost (veteran GrEE)
 28130 | Vaults:1 | Noticed Waros's ghost (veteran GrEE)
 28540 | Vaults:1 | Reached XP level 19. HP: 182/182 MP: 16/16
 30268 | Vaults:2 | Found a staircase to the Crypt.
 30435 | Vaults:3 | Noticed Sojobo
 30446 | Vaults:3 | Killed Sojobo
 30550 | Vaults:3 | Reached skill level 19 in Evocations
 30713 | Vaults:3 | Noticed Jory
 30747 | Vaults:3 | Killed Jory
 30761 | Vaults:3 | Found a runed gate.
 30761 | Vaults:3 | Found a runed gate.
 30761 | Vaults:3 | Found a runed gate.
 30761 | Vaults:3 | Noticed Geloitur's ghost (veteran SpEE)
 30761 | Vaults:3 | Noticed Tetyhuy's ghost (veteran HuFi)
 30762 | Vaults:3 | Noticed Geloitur's ghost (veteran SpEE)
 31299 | Vaults:3 | Reached XP level 20. HP: 193/193 MP: 18/18
 31388 | Vaults:3 | Noticed Frederick
 31404 | Vaults:3 | Killed Frederick
 31866 | Vaults:4 | Reached skill level 15 in Fighting
 32615 | Vaults:5 | Entered Level 5 of the Vaults
 32615 | Vaults:5 | Noticed a golden dragon
 32641 | Vaults:5 | Killed a golden dragon
 32660 | Vaults:5 | Reached skill level 20 in Evocations
 32775 | Vaults:5 | Noticed Saint Roka
 32804 | Vaults:5 | Reached XP level 21. HP: 99/202 MP: 18/18
 32811 | Vaults:5 | Killed Saint Roka
 32899 | Vaults:5 | Noticed a golden dragon
 32921 | Vaults:5 | Killed a golden dragon
 33091 | Vaults:5 | Got a brightly glowing lead ring
 33100 | Vaults:5 | Identified the ring "Kuxtat" {+Inv rF+ MR- Str+10} (You
                  | took it off an entropy weaver on level 5 of the Vaults)
 33300 | Vaults:5 | Noticed Margery
 33316 | Vaults:5 | Killed Margery
 33316 | Vaults:5 | Reached skill level 21 in Evocations
 33435 | Vaults:5 | Noticed a golden dragon
 33454 | Vaults:5 | Killed a golden dragon
 33777 | Vaults:5 | Got a silver rune of Zot
 34426 | Elf:1    | Entered Level 1 of the Elven Halls
 34591 | Elf:1    | Found Deep's Antique Weapon Emporium.
 34646 | Elf:1    | Reached XP level 22. HP: 214/214 MP: 8/17
 34684 | Elf:1    | Found a ruined gateway.
 34691 | Desolati | Entered the Desolation of Salt
 34759 | Desolati | Reached XP level 23. HP: 222/222 MP: 9/18
 34808 | Desolati | Identified the cursed +0 helmet of the Ten Stars {rPois rC+
                  | Regen+} (You found it in the Desolation of Salt)
 34810 | Desolati | Got a flickering iron amulet
 34811 | Desolati | Identified the amulet "Ocosoip" {Inacc rElec rPois rF+ rN+}
                  | (You found it in the Desolation of Salt)
 35006 | Desolati | Got a twitching bone amulet
 35018 | Desolati | Got a pair of pitted boots
 35034 | Desolati | Identified the cursed -1 pair of boots "Ompeatt" {rElec
                  | Regen+} (You found it in the Desolation of Salt)
 35087 | Desolati | Found the +3 pair of gauntlets of War {Slay+5}
 35131 | Desolati | Got a smoking iron ring
 35133 | Desolati | Identified the ring "Olu Mugg" {rPois Str+4} (You found it
                  | in the Desolation of Salt)
 35410 | Elf:1    | Identified the amulet "Omousock" {Faith rElec Dex+7} (You
                  | found it in the Desolation of Salt)
 35688 | Elf:1    | Got a smoking amethyst amulet
 35689 | Elf:1    | Identified the amulet of the Five Friends {+Rage rF+} (You
                  | found it on level 1 of the Elven Halls)
 35883 | Elf:2    | Found a runed gate.
 35883 | Elf:2    | Found a runed gate.
 35885 | Elf:2    | Found a runed gate.
 36100 | Elf:2    | Found Yramaji's Armour Boutique.
 36119 | Elf:2    | Reached skill level 22 in Evocations
 36271 | Elf:3    | Entered Level 3 of the Elven Halls
 36984 | Elf:3    | Found the cursed +14 obsidian axe {chop, +Fly SInv *Curse}
 37046 | Elf:3    | Got a pair of fine gloves
 37412 | Elf:3    | Found Ewkibij's Jewellery Boutique.
 37665 | D:9      | Reached XP level 24. HP: 234/234 MP: 16/16
 38125 | Depths:1 | Entered Level 1 of the Depths
 38207 | Depths:1 | Identified a scroll of acquirement
 38221 | Depths:1 | Identified the cursed +0 pair of gloves of the Sneaky
                  | Ghosts {rN+ MP+9 Str+5 Slay+2} (You found it on level 3 of
                  | the Elven Halls)
 38229 | Depths:1 | Got a pair of twisted gloves
 38235 | Depths:1 | Identified the +2 pair of gloves of the Doge {rPois rN+
                  | rCorr} (You acquired it on level 1 of the Depths)
 38374 | Depths:1 | Got a faintly humming cloak
 38424 | Depths:1 | Identified the +2 cloak of the Thistle {rPois Str+2} (You
                  | found it on level 1 of the Depths)
 38429 | Depths:1 | Got a pitted marble ring
 38431 | Depths:1 | Identified the ring "Kivel" {*Contam MR+ Str+5} (You took
                  | it off a spriggan air mage on level 1 of the Depths)
 38544 | Depths:1 | Reached skill level 23 in Evocations
 38777 | Depths:1 | Found a gateway to Hell.
 39485 | Depths:2 | Found a one-way gate to the infinite horrors of the Abyss.
 39683 | Depths:2 | Noticed an ancient lich
 39688 | Depths:2 | Killed an ancient lich
 39888 | Depths:2 | Found a portal to a secret trove of treasure.
 39983 | Depths:3 | Reached skill level 24 in Evocations
 40095 | Depths:3 | Reached XP level 25. HP: 247/247 MP: 16/16
 40187 | Depths:3 | Paralysed by a floating eye for 3 turns
 40663 | Depths:3 | Found a one-way gate leading to the halls of Pandemonium.
 41424 | Depths:4 | Gained mutation: You are very weak. (Str -4) [a neqoxec]
 41570 | Depths:4 | Reached skill level 25 in Evocations
 41809 | Depths:5 | Entered Level 5 of the Depths
 41936 | Depths:5 | Found a gateway to a ziggurat.
 42116 | Depths:5 | Cast into level 4 of the Abyss (a Zot trap)
 42153 | Abyss:4  | Paralysed by accursed screaming for 1 turns
 42167 | Abyss:4  | Got an abyssal rune of Zot
 42233 | Abyss:4  | Noticed an ancient lich
 42243 | Abyss:4  | Killed an ancient lich
 42245 | Abyss:4  | Paralysed by accursed screaming for 1 turns
 42264 | Depths:5 | Escaped the Abyss
 42325 | Depths:5 | Found a gate to the Realm of Zot.
 42566 | Depths:5 | Noticed a juggernaut
 42577 | Depths:5 | Killed a juggernaut
 42577 | Depths:5 | Reached skill level 26 in Evocations
 42577 | Depths:5 | Reached XP level 26. HP: 256/261 MP: 17/18
 43067 | Zot:1    | Entered Level 1 of the Realm of Zot
 43105 | Zot:1    | Noticed an orb of fire
 43115 | Zot:1    | Gained mutation: Scrolls take you a little longer to read.
                  | [an orb of fire]
 43116 | Zot:1    | Killed an orb of fire
 43497 | Zot:1    | Reached skill level 27 in Evocations
 44133 | Zot:2    | Reached XP level 27. HP: 277/277 MP: 18/18
 44580 | Zot:2    | Found a burning altar of Makhleb.
 44693 | Zot:2    | Identified the Compendium of the Zealot
 45836 | Zot:4    | Found the +8 frozen axe "Frostbite" {freezing cloud, *Noise
                  | +Fly rC+}
 46193 | Zot:5    | Entered Level 5 of the Realm of Zot
 46445 | Zot:5    | Noticed an orb of fire
 46455 | Zot:5    | Gained mutation: You are partially covered in thin metallic
                  | scales. (AC +2) [an orb of fire]
 46465 | Zot:5    | Killed an orb of fire
 46468 | Zot:5    | Noticed an orb of fire
 46478 | Zot:5    | Gained mutation: You are frail. (-10% HP) [an orb of fire]
 46479 | Zot:5    | Killed an orb of fire
 46537 | Zot:5    | Noticed an ancient lich
 46546 | Zot:5    | Killed an ancient lich
 46558 | Zot:5    | Noticed an orb of fire
 46569 | Zot:5    | Gained mutation: You tend to lose your temper in combat.
                  | [an orb of fire]
 46571 | Zot:5    | Noticed an orb of fire
 46572 | Zot:5    | Killed an orb of fire
 46574 | Zot:5    | Gained mutation: You are occasionally teleported next to
                  | monsters. [an orb of fire]
 46593 | Zot:5    | Killed an orb of fire
 46596 | Zot:5    | Lost mutation: Scrolls take you a little longer to read.
                  | [potion of mutation]
 46596 | Zot:5    | Lost mutation: You occasionally shout uncontrollably at
                  | your foes. [potion of mutation]
 46596 | Zot:5    | Lost mutation: Your spells are a little harder to cast, but
                  | a little more powerful. [potion of mutation]
 46596 | Zot:5    | Gained mutation: Your flesh is cold resistant. (rC+)
                  | [potion of mutation]
 46596 | Zot:5    | Gained mutation: You are partially covered in rugged brown
                  | scales. (AC +1, +3% HP) [potion of mutation]
 46597 | Zot:5    | Lost mutation: You tend to lose your temper in combat.
                  | [potion of mutation]
 46597 | Zot:5    | Lost mutation: You are partially covered in rugged brown
                  | scales. (AC +1, +3% HP) [potion of mutation]
 46597 | Zot:5    | Gained mutation: You have supernaturally acute eyesight.
                  | (SInv) [potion of mutation]
 46598 | Zot:5    | Lost mutation: You have an increased reservoir of magic.
                  | (+10% MP) [potion of mutation]
 46598 | Zot:5    | Lost mutation: Your mind is acute. (Int +2) [potion of
                  | mutation]
 46598 | Zot:5    | Lost mutation: You are frail. (-10% HP) [potion of
                  | mutation]
 46598 | Zot:5    | Gained mutation: You are partially covered in slimy green
                  | scales. (AC +2) [potion of mutation]
 46599 | Zot:5    | Lost mutation: You have supernaturally acute eyesight.
                  | (SInv) [potion of mutation]
 46599 | Zot:5    | Lost mutation: You are very weak. (Str -4) [potion of
                  | mutation]
 46599 | Zot:5    | Lost mutation: You are occasionally teleported next to
                  | monsters. [potion of mutation]
 46599 | Zot:5    | Lost mutation: You are weak. (Str -2) [potion of mutation]
 46599 | Zot:5    | Gained mutation: Your body sometimes deteriorates upon
                  | taking damage. [potion of mutation]
 46599 | Zot:5    | Gained mutation: Your muscles are strong. (Str +2) [potion
                  | of mutation]
 46638 | Zot:5    | Got the Orb of Zot
 46733 | Zot:3    | Noticed Wuefig the pandemonium lord
 46842 | Zot:1    | Noticed Kefeyd the pandemonium lord
 46855 | Zot:1    | Killed Kefeyd the pandemonium lord
 46982 | Depths:5 | Noticed a seraph
 46988 | Depths:5 | Killed a seraph
 47112 | Depths:1 | Noticed a seraph
 47113 | Depths:1 | Noticed Qisutem the pandemonium lord
 47151 | D:15     | Noticed Lesi the pandemonium lord
 47154 | D:15     | Killed Lesi the pandemonium lord
 47445 | D:$      | Escaped with the Orb!

Vault maps used:
D:1:      mushboom_english_gardens
D:2:      gammafunk_temple_overflow_forgotten, old_standard_altar,
          kennysheep_minor_cross, uniq_sigmund
D:4:      xom_butterflies, uniq_crazy_yiuf_cottage
D:5:      cheibrodos_sewer_entry_sluice, first_ration,
          gammafunk_ghost_stat_death
D:6:      kennysheep_six_static_rooms,
          chequers_temple_overflow_statue_of_worship, basic_altar, serial_shops,
          shop
D:7:      okawaru_trees_1, minmay_temple_entry_mist
D:8:      fedhas_altar_2, hangedman_little_slice_of_home
D:9:      dpeg_lair_monsters, uniq_pikel, uniq_erica, uniq_gastronok
D:10:     orc_0_dummy, uniq_nergalle
D:11:     uniq_fannar, uniq_snorg
D:12:     uniq_josephine, uniq_kirke, uniq_maurice
D:13:     statuecave_lemuel, david_vaults_5, nrook_guardian_serpent_ordinary
D:14:     minmay_opposing_rooms, serial_undead, serial_undead_d,
          serial_undead_b, serial_undead_c, serial_undead_b,
          serial_park_tiny_pond
D:15:     gammafunk_enter_depths_forms, portal_ice_cave_entry_imps,
          solitary_fountain, minmay_misc_feat_square, lemuel_blue_sif_altar
Temple:   nicolae_temple_figure_eight
Lair:1:   dpeg_oklob_gauntlet, eino_small_chamber_without_monster
Lair:2:   nicolae_swamp_entry_splash_gauntlet, dummy_snake_entry, ice2_lemuel
Lair:5:   cheibrodos_lair_reptile_den
Lair:6:   minmay_lair_end_frog_pond, minmay_slime_entry_oklob_open,
          gammafunk_ghost_arena
Swamp:1:  gammafunk_its_a_trap, ebering_ghost_inner_flame,
          evilmike_swamp_ruin_house_3
Swamp:2:  hangedman_swamp_cone
Swamp:3:  serial_swamp_ruin, hangedman_swamp_ruin_hall,
          hangedman_swamp_ruin_wall, uniq_louise
Swamp:4:  swamp_basic_johnstein, ebering_ghost_inner_flame, swamp_pool4,
          nicolae_swamp_alligator_family
Snake:1:  basic_altar, minmay_shop_star, serial_bayou_shore_a
Snake:2:  nicolae_sea_snake_s
Snake:3:  ebering_ghost_xom, grunt_megastairs_1
Snake:4:  johnstein_snake_rune_scales, ebering_ghost_inner_flame
Orc:2:    grunt_orc_tribal_feast
Elf:1:    eino_elf_arrival_customs, serial_shops, shop,
          portal_desolation_entry_nicolae_slug, minmay_elf_sorcery
Elf:2:    serial_shops, shop
Elf:3:    minmay_elf_hall_four_x, serial_shops, shop_statue, grunt_megastairs_3
Vaults:1: advil_vaults_ghost_guards, vaults_standard_mumra_enter_the_diamond,
          nicolae_vaults_shelves_hall, ontoclasm_vaults_bender,
          vaults_room_corners, vaults_room_glass_cross, dpeg_vaults_monster_box,
          nicolae_vaults_alarming, ontoclasm_vaults_twist,
          vaults_room_stairs_pillars
Vaults:2: hangedman_vaults_impose, minmay_crypt_entry_simple_walls,
          ontoclasm_vaults_shuriken, nicolae_vaults_network_s,
          nicolae_vaults_network_square, v_alt_pattern_4, hangedman_vaults_nails
Vaults:3: gammafunk_vaults_ghost_cemetery, nicolae_vaults_shelves_hall,
          nicolae_vaults_stairing_the_circle, vaults_room_semicircle,
          ontoclasm_vaults_gateway, nicolae_vaults_specimen_jars, v_misc_4,
          hangedman_vaults_hat, nicolae_vaults_ring_of_whatevers, v_misc_23,
          hangedman_vaults_locks, uniq_jory, uniq_sojobo, uniq_frederick
Vaults:4: v_pattern_4, v_misc_4, v_misc_18, hangedman_vaults_slice,
          ontoclasm_vaults_hangar, nicolae_vaults_network_periphery,
          nicolae_vaults_angled_halls, ontoclasm_vaults_eye,
          ontoclasm_vaults_loading_screen, ontoclasm_vaults_idyll,
          nicolae_vaults_asterisk, grunt_vaults_focal
Vaults:5: serial_shops, uniq_margery, uniq_saint_roka
Depths:1: minmay_the_grid_four_pointed_star, hangedman_tar_grid_catacomb,
          lightli_fourway_metalbox, serial_bayou_shore_b
Depths:2: cheibrodos_cascadia, hangedman_coc_ice_floe,
          hangedman_abyss_entry_splay, enter_trove_0
Depths:3: hangedman_cross_cluster, grunt_metal_band, pan_entry,
          columned_hall_lemuel, spider_trap
Depths:4: hangedman_crystal_crosses_colossus, hell_entry, abyss_entry
Depths:5: evilmike_zot_entry_gauntlet, enter_ziggurat_a, minmay_misc_feat_x,
          hell_entry, hangedman_decor_diamond_cutter, minmay_metal_thing
Zot:1:    cheibrodos_zot_enchanting_chambers
Zot:2:    nicolae_zot_draconian_monastery
Zot:4:    st_single_dragon_hoard_1, hangedman_spider_trapstep
Zot:5:    grunt_ministairs_12
Abyss:4:  nicolae_abyss_rune_left_handed, hangedman_abyss_or_decor_slice
Sewer:    sewer_big_baddie
IceCv:    ice_cave_caverns_01

Skill      XL: |  1  2  3  4  5  6  7  8  9 10 11 12 13 14 15 16 17 18 19 20 21 22 23 24 25 26 27 |
---------------+----------------------------------------------------------------------------------+-----
Dodging        | 1 2 3 4 5 6 7 8 9 10 | 10.0
Fighting       | 3 4 5 6 7 8 9 10 11 12 13 14 15 16 17 18 20 22 26 | 26.8
Axes           | 3 4 5 6 7 8 9 11 12 13 14 15 16 17 18 | 18.0
Armour         | 4 5 6 7 8 9 10 11 12 13 14 15 16 17 18 19 20 21 22 | 22.0
Shields        | 4 5 6 7 8 9 10 11 12 13 14 15 16 17 18 19 20 | 20.0
Evocations     | 1 2 4 6 7 9 10 12 13 14 16 17 18 19 20 21 22 24 26 27 | 27.0
Invocations    | 2 5 7 8 |  8.0

Action                   |  1- 3 |  4- 6 |  7- 9 | 10-12 | 13-15 | 16-18 | 19-21 | 22-24 | 25-27 || total
-------------------------+-------+-------+-------+-------+-------+-------+-------+-------+-------++-------
Melee: War axe           |    82 |       |       |       |       |   461 |       |       |       ||   543
       Short sword       |    22 |   166 |    79 |       |   313 |       |       |       |       ||   580
       Hand axe          |       |     7 |   503 |   773 |       |       |       |       |       ||  1283
       Morningstar       |       |       |       |     5 |   439 |       |       |       |       ||   444
       Trident           |       |       |       |       |  1369 |    82 |       |       |       ||  1451
       Broad axe         |       |       |       |       |    16 |  1583 |  1265 |  1040 |  1335 ||  5239
       Unarmed           |       |       |       |       |     1 |       |       |       |       ||     1
Invok: Minor Destruction |       |       |       |    74 |    70 |    26 |       |       |       ||   170
       Lesser Servant of |       |       |       |       |    13 |     7 |     2 |       |       ||    22
 Abil: Heal Wounds       |     1 |     4 |    15 |    31 |     8 |    17 |    11 |     5 |     4 ||    96
       Evoke Flight      |       |       |       |       |       |       |       |     2 |     1 ||     3
Evoke: Wand              |       |       |    11 |    55 |    39 |    15 |    25 |    24 |    34 ||   203
       Lamp of fire      |       |       |       |       |       |       |     2 |     2 |       ||     4
       Sack of spiders   |       |       |       |       |       |       |       |       |     1 ||     1
  Use: Scroll            |       |     9 |     2 |     9 |    12 |    15 |    23 |    17 |    12 ||    99
       Potion            |       |     2 |     1 |     3 |     6 |     2 |     3 |       |    12 ||    29
 Stab: Paralysed         |       |       |       |    40 |    19 |     8 |     2 |       |       ||    69
       Distracted        |       |       |       |       |     6 |       |     5 |     7 |    34 ||    52
       Sleeping          |       |       |       |       |     1 |       |       |       |       ||     1
       Confused          |       |       |       |       |       |     8 |       |       |       ||     8
  Eat: Chunk             |     1 |     4 |    10 |    15 |    43 |    18 |    19 |     8 |    22 ||   140
       Ration            |       |       |     1 |       |     2 |     3 |     2 |     2 |     3 ||    13
Armor: Scale mail        |    61 |    57 |    49 |       |       |       |       |       |       ||   167
       Plate armour      |       |       |   270 |   320 |   457 |       |       |       |       ||  1047
       Skin              |       |       |       |    10 |       |       |       |       |    23 ||    33
       Steam dragon scal |       |       |       |       |   282 |       |       |       |       ||   282
       Chain mail        |       |       |       |       |    11 |   920 |   443 |       |       ||  1374
       Gold dragon scale |       |       |       |       |       |       |   201 |   416 |   609 ||  1226
Dodge: Dodged            |    36 |    48 |   194 |   246 |  1029 |   763 |   433 |   219 |   366 ||  3334
Block: Shield            |    61 |    85 |   330 |   417 |  1537 |   356 |       |       |       ||  2786
       Large shield      |       |       |       |       |       |  1823 |  1397 |   943 |  1349 ||  5512

Table legend:
 A = Non-vault XP
 B = Vault XP
 C = Vault XP percentage of total XP
 D = Non-vault monster count
 E = Vault monster count
 F = Vault count percentage of total count
                 A         B        C        D         E       F
            +---------+---------+-------+---------+---------+-------
      Total |  806183 |  838600 |  51.0 |    1524 |     939 |  38.1
            +---------+---------+-------+---------+---------+-------
        D:1 |      38 |       0 |   0.0 |      22 |       0 |   0.0
        D:2 |      49 |     212 |  81.2 |      14 |       1 |   6.7
        D:3 |     211 |       0 |   0.0 |      35 |       0 |   0.0
        D:4 |     336 |      39 |  10.4 |      16 |       1 |   5.9
        D:5 |     990 |       7 |   0.7 |      24 |       3 |  11.1
        D:6 |    1386 |     361 |  20.7 |      38 |       5 |  11.6
        D:7 |    1316 |       0 |   0.0 |      22 |       0 |   0.0
        D:8 |    1661 |    1061 |  39.0 |      21 |       9 |  30.0
        D:9 |    4342 |    7087 |  62.0 |      30 |       8 |  21.1
       D:10 |    3767 |     828 |  18.0 |      33 |       1 |   2.9
       D:11 |    4078 |    2154 |  34.6 |      25 |       2 |   7.4
       D:12 |    4926 |    4277 |  46.5 |      28 |      13 |  31.7
       D:13 |    2565 |    2436 |  48.7 |      24 |       6 |  20.0
       D:14 |   14709 |    4869 |  24.9 |      39 |      15 |  27.8
       D:15 |    7752 |    5455 |  41.3 |      24 |      24 |  50.0
     Lair:1 |    5089 |    1107 |  17.9 |      18 |       2 |  10.0
     Lair:2 |    4412 |    1702 |  27.8 |      21 |      11 |  34.4
     Lair:3 |    3927 |       0 |   0.0 |      14 |       0 |   0.0
     Lair:4 |    3494 |       0 |   0.0 |      15 |       0 |   0.0
     Lair:5 |    8762 |     912 |   9.4 |      34 |       2 |   5.6
     Lair:6 |    9189 |   14850 |  61.8 |      30 |      56 |  65.1
    Swamp:1 |   10889 |    2312 |  17.5 |      29 |       6 |  17.1
    Swamp:2 |   10915 |       0 |   0.0 |      33 |       0 |   0.0
    Swamp:3 |   13368 |    2815 |  17.4 |      38 |       2 |   5.0
    Swamp:4 |   24101 |   20263 |  45.7 |      58 |      32 |  35.6
    Snake:1 |   21455 |       0 |   0.0 |      44 |       0 |   0.0
    Snake:2 |   17950 |    3904 |  17.9 |      34 |       8 |  19.0
    Snake:3 |    7244 |    4790 |  39.8 |      17 |       8 |  32.0
    Snake:4 |   14667 |   38760 |  72.5 |      26 |      66 |  71.7
      Orc:1 |    1132 |       0 |   0.0 |      17 |       0 |   0.0
      Orc:2 |    2321 |    7131 |  75.4 |      22 |      27 |  55.1
      Elf:1 |   25377 |    8395 |  24.9 |      37 |      13 |  26.0
      Elf:2 |   19670 |    1799 |   8.4 |      30 |       2 |   6.2
      Elf:3 |   20640 |   57717 |  73.7 |      35 |      44 |  55.7
   Vaults:1 |   20238 |   15538 |  43.4 |      36 |      20 |  35.7
   Vaults:2 |   37355 |   17151 |  31.5 |      44 |      29 |  39.7
   Vaults:3 |   20684 |   25736 |  55.4 |      30 |      21 |  41.2
   Vaults:4 |   33557 |   13185 |  28.2 |      55 |      18 |  24.7
   Vaults:5 |   24751 |  134335 |  84.4 |      29 |     100 |  77.5
   Depths:1 |   41460 |   12547 |  23.2 |      52 |      16 |  23.5
   Depths:2 |   35054 |   28810 |  45.1 |      58 |      24 |  29.3
   Depths:3 |   42654 |   29833 |  41.2 |      60 |      31 |  34.1
   Depths:4 |     946 |   63289 |  98.5 |       1 |      55 |  98.2
   Depths:5 |   32785 |   30851 |  48.5 |      38 |      28 |  42.4
      Zot:1 |   65725 |   51940 |  44.1 |      40 |      32 |  44.4
      Zot:2 |   62546 |   37584 |  37.5 |      45 |      26 |  36.6
      Zot:3 |   55275 |       0 |   0.0 |      36 |       0 |   0.0
      Zot:4 |   23438 |    7356 |  23.9 |      13 |      12 |  48.0
      Zot:5 |   21619 |  118913 |  84.6 |      12 |      37 |  75.5
    Abyss:4 |   15368 |   10888 |  41.5 |      28 |      13 |  31.7
      Sewer |       0 |     106 | 100.0 |       0 |       6 | 100.0
      IceCv |       0 |   13964 | 100.0 |       0 |      55 | 100.0
 Desolation |       0 |   31331 | 100.0 |       0 |      49 | 100.0
            +---------+---------+-------+---------+---------+-------
